MLB
PITTSBURGH PIRATES @ CHICAGO CUBS
09/03/2024
 
TOP OF THE 1ST
Pittsburgh Pirates batting - Pitching for Chicago Cubs : RHP Kevin Gausman
Pitching: RHP Kevin Gausman
Batting: LHB Christian Yelich 0-0: Ball
1-0: Foul Ball, location: 25FF
1-1: Ball
2-1: Foul Ball, location: 2F
2-2: Ball
3-2: Ground out 5-3 (Groundball, 56, EV 110.0 MPH)
Batting: LHB Ben Rice 0-0: Ground out U3 (Groundball, 34, EV 86.3 MPH)
Batting: RHB Tyler O'Neill 0-0: Foul Ball, location: 5FF
0-1: Ball
1-1: Called Strike
1-2: Strikes out looking
Top of the 1st over - 0 runs, 0 hits, 0 errors, 0 left on base; Pittsburgh 0 - Chicago 0
BOTTOM OF THE 1ST
Chicago Cubs batting - Pitching for Pittsburgh Pirates : RHP Bailey Ober
Pitching: RHP Bailey Ober
Batting: SHB Wander [UNRATED] Franco 0-0: Called Strike
0-1: Foul Ball, location: 9LDF
0-2: Ball
1-2: Ball
2-2: Foul Ball, location: 25F
2-2: Strikes out swinging
Batting: LHB Jack Suwinski 0-0: Called Strike
0-1: Called Strike
0-2: DOUBLE (Line Drive, 89D, EV 101.3 MPH)
Batting: RHB Julio Rodriguez 0-0: Ball
1-0: Foul Ball, location: 3SF
1-1: Foul Ball, location: 2F
1-2: Ball
2-2: Fly out, F7 (Line Drive, 7, EV 89.4 MPH)
Batting: LHB Josh Naylor 0-0: Foul Ball, location: 2F
0-1: Ground out U3 (Groundball, 3S, EV 63.8 MPH)
Bottom of the 1st over - 0 runs, 1 hit, 0 errors, 1 left on base; Pittsburgh 0 - Chicago 0
TOP OF THE 2ND
Pittsburgh Pirates batting - Pitching for Chicago Cubs : RHP Kevin Gausman
Batting: SHB Greg Allen 0-0: Fly out, F9 (Flyball, 9S, EV 91.9 MPH)
Batting: LHB David Dahl 0-0: Foul Ball, location: 2F
0-1: Ball
1-1: SINGLE (Line Drive, 78S, EV 83.8 MPH)
Batting: RHB J.D. Davis 0-0: Swinging Strike
0-1: Swinging Strike
0-2: Strikes out swinging
Batting: LHB Donovan Walton 0-0: Ball
1-0: Ball
2-0: Ground out 4-3 (Groundball, 4D, EV 98.8 MPH)
Top of the 2nd over - 0 runs, 1 hit, 0 errors, 1 left on base; Pittsburgh 0 - Chicago 0
BOTTOM OF THE 2ND
Chicago Cubs batting - Pitching for Pittsburgh Pirates : RHP Bailey Ober
Batting: SHB Ian Happ 0-0: Ball
1-0: Called Strike
1-1: Ball
2-1: TRIPLE (Flyball, 9LD, EV 99.4 MPH)
Batting: RHB Dairon Blanco 0-0: Ball
1-0: Fly out, F4 (Popup, 34D, EV 68.1 MPH)
Batting: RHB Dylan Moore 0-0: Ball
1-0: Fly out, F4 (Popup, 4, EV 57.5 MPH)
Batting: RHB Jorge Mateo 0-0: Foul Ball, location: 2RF
0-1: Ball
1-1: Ball
2-1: Ball
3-1: Fly out, F8 (Line Drive, 8RD, EV 106.3 MPH)
Bottom of the 2nd over - 0 runs, 1 hit, 0 errors, 1 left on base; Pittsburgh 0 - Chicago 0
TOP OF THE 3RD
Pittsburgh Pirates batting - Pitching for Chicago Cubs : RHP Kevin Gausman
Batting: RHB Michael Brosseau 0-0: Called Strike
0-1: Called Strike
0-2: Ball
1-2: Foul Ball, location: 9LSF
1-2: Ball
2-2: DOUBLE (Flyball, 89D, EV 103.1 MPH)
Batting: RHB Ryan Kreidler 0-0: Foul Ball, location: 2F
0-1: Foul Ball, location: 2F
0-2: Foul Ball, location: 2F
0-2: Ball
1-2: Fly out, F7 (Flyball, 78S, EV 86.3 MPH)
Batting: LHB Christian Yelich 0-0: Ball
1-0: Ball
2-0: Foul Ball, location: 7LDF
2-1: Ball
3-1: Foul Ball, location: 5DF
3-2: Ground out 6-3 (Groundball, 6D, EV 98.1 MPH)
Michael Brosseau to third
Batting: LHB Ben Rice 0-0: SINGLE (Groundball, 4, EV 98.8 MPH) (infield hit)
Michael Brosseau scores
Batting: RHB Tyler O'Neill 0-0: Ball
1-0: SINGLE (Groundball, 6D, EV 96.3 MPH)
Ben Rice to second
Runner from 2nd tries for 3rd, SAFE, throw by CF made to third
Tyler O'Neill to second
Batting: SHB Greg Allen 0-0: Ball
1-0: 3-RUN HOME RUN (Flyball, 8RXD, EV 103.1 MPH), Distance : 414 ft
Batting: LHB David Dahl 0-0: Called Strike
0-1: Ball
1-1: Called Strike
1-2: Foul Ball, location: 2F
1-2: Strikes out looking
Top of the 3rd over - 4 runs, 4 hits, 0 errors, 0 left on base; Pittsburgh 4 - Chicago 0
BOTTOM OF THE 3RD
Chicago Cubs batting - Pitching for Pittsburgh Pirates : RHP Bailey Ober
Batting: SHB Victor Caratini 0-0: Ball
1-0: Called Strike
1-1: Fly out, F8 (Flyball, 8RXD, EV 110.0 MPH)
Batting: SHB Wander [UNRATED] Franco 0-0: Fly out, F6 (Line Drive, 4M, EV 67.5 MPH)
Batting: LHB Jack Suwinski 0-0: Swinging Strike
0-1: Foul Ball, location: 2F
0-2: SINGLE (Line Drive, 6MD, EV 101.9 MPH)
Batting: RHB Julio Rodriguez 0-0: Ball
1-0: Foul Ball, location: 9LMF
1-1: Foul Ball, location: 2F
1-2: SINGLE (Line Drive, 3D, EV 98.1 MPH)
Jack Suwinski to second
Batting: LHB Josh Naylor 0-0: Ball
1-0: Foul Ball, location: 25F
1-1: Swinging Strike
1-2: Ball
2-2: 3-RUN HOME RUN (Flyball, 8LXD, EV 103.8 MPH), Distance : 423 ft
Batting: SHB Ian Happ 0-0: Swinging Strike
0-1: Ball
1-1: Fly out, F8 (Flyball, 8RM, EV 75.6 MPH)
Bottom of the 3rd over - 3 runs, 3 hits, 0 errors, 0 left on base; Pittsburgh 4 - Chicago 3
TOP OF THE 4TH
Pittsburgh Pirates batting - Pitching for Chicago Cubs : RHP Kevin Gausman
Batting: RHB J.D. Davis 0-0: Ball
1-0: Foul Ball, location: 2F
1-1: Ball
2-1: Ball
3-1: Fly out, F6 (Popup, P, EV 81.9 MPH)
Batting: LHB Donovan Walton 0-0: Ball
1-0: Foul Ball, location: 2F
1-1: Swinging Strike
1-2: Strikes out swinging
Batting: RHB Michael Brosseau 0-0: Swinging Strike
0-1: Fly out, F8 (Flyball, 8LD, EV 99.4 MPH)
Top of the 4th over - 0 runs, 0 hits, 0 errors, 0 left on base; Pittsburgh 4 - Chicago 3
BOTTOM OF THE 4TH
Chicago Cubs batting - Pitching for Pittsburgh Pirates : RHP Bailey Ober
Batting: RHB Dairon Blanco 0-0: Ball
1-0: Ball
2-0: Called Strike
2-1: Ball
3-1: Swinging Strike
3-2: Foul Ball, location: 2LF
3-2: Foul Ball, location: 9LSF
3-2: Foul Ball, location: 9LSF
3-2: Fly out, F8 (Flyball, 89D, EV 101.3 MPH)
Batting: RHB Dylan Moore 0-0: Called Strike
0-1: Ground out 4-3 (Groundball, 34, EV 100.6 MPH)
Batting: RHB Jorge Mateo 0-0: Called Strike
0-1: Foul Ball, location: 2F
0-2: Strikes out swinging
Bottom of the 4th over - 0 runs, 0 hits, 0 errors, 0 left on base; Pittsburgh 4 - Chicago 3
TOP OF THE 5TH
Pittsburgh Pirates batting - Pitching for Chicago Cubs : RHP Kevin Gausman
Batting: RHB Ryan Kreidler 0-0: Ball
1-0: Ball
2-0: Ball
3-0: Called Strike
3-1: Foul Ball, location: 2F
3-2: Strikes out swinging
Batting: LHB Christian Yelich 0-0: Foul Ball, location: 2F
0-1: Called Strike
0-2: Ball
1-2: Strikes out looking
Batting: LHB Ben Rice 0-0: Ball
1-0: Ground out 6-3 (Groundball, 4, EV 102.5 MPH)
Top of the 5th over - 0 runs, 0 hits, 0 errors, 0 left on base; Pittsburgh 4 - Chicago 3
BOTTOM OF THE 5TH
Chicago Cubs batting - Pitching for Pittsburgh Pirates : RHP Bailey Ober
Batting: SHB Victor Caratini 0-0: Called Strike
0-1: Ball
1-1: Ground out U3 (Groundball, 34, EV 90.6 MPH)
Batting: SHB Wander [UNRATED] Franco 0-0: Called Strike
0-1: Ball
1-1: Ground out 4-3 (Groundball, 4, EV 85.6 MPH)
Batting: LHB Jack Suwinski 0-0: DOUBLE (Flyball, 9LD, EV 110.6 MPH)
Batting: RHB Julio Rodriguez 0-0: Called Strike
0-1: Ground out 6-3 (Groundball, 6, EV 88.1 MPH)
Bottom of the 5th over - 0 runs, 1 hit, 0 errors, 1 left on base; Pittsburgh 4 - Chicago 3
TOP OF THE 6TH
Pittsburgh Pirates batting - Pitching for Chicago Cubs : RHP Kevin Gausman
Batting: RHB Tyler O'Neill 0-0: Ball
1-0: Called Strike
1-1: Ball
2-1: Called Strike
2-2: Foul Ball, location: 2F
2-2: Ball
3-2: Foul Ball, location: 9LSF
3-2: SINGLE (Line Drive, 8RS, EV 100.6 MPH)
Batting: SHB Greg Allen 0-0: Ball
1-0: Ball
2-0: Called Strike
2-1: DOUBLE (Line Drive, 9LS, EV 86.9 MPH)
Tyler O'Neill to third
Batting: LHB David Dahl 0-0: SINGLE (Line Drive, 8LS, EV 108.8 MPH)
Tyler O'Neill scores
Greg Allen to third
Runner from 3rd tries for Home, SAFE, throw by CF to home
Pitching: RHP Chad Green
Batting: RHB J.D. Davis 0-0: Ball
1-0: Ball
2-0: Fielders Choice at 2nd, 1-4 (Groundball, 15S, EV 74.4 MPH)
Batting: LHB Donovan Walton 0-0: Ball
1-0: Called Strike
1-1: Called Strike
1-2: Ball
2-2: Fielders Choice at 2nd, 2-6 (Groundball, 2R, EV 70.6 MPH)
Batting: RHB Michael Brosseau 0-0: Ball
1-0: Foul Ball, location: 25F
1-1: Called Strike
1-2: Strikes out swinging
Top of the 6th over - 2 runs, 3 hits, 0 errors, 1 left on base; Pittsburgh 6 - Chicago 3
BOTTOM OF THE 6TH
Chicago Cubs batting - Pitching for Pittsburgh Pirates : RHP Bailey Ober
Batting: LHB Josh Naylor 0-0: Fly out, F9 (Flyball, 9LM, EV 90.6 MPH)
Batting: SHB Ian Happ 0-0: Ball
1-0: Swinging Strike
1-1: Foul Ball, location: 9LDF
1-2: Ball
2-2: Ball
3-2: Foul Ball, location: 7LDF
3-2: Foul Ball, location: 7LDF
3-2: DOUBLE (Line Drive, 9LD, EV 110.0 MPH)
Pitching: RHP Codi Heuer
Batting: RHB Dairon Blanco 0-0: Ball
1-0: Called Strike
1-1: Ball
2-1: Ball
3-1: Foul Ball, location: 2LF
3-2: SINGLE (Line Drive, 7S, EV 90.0 MPH)
Ian Happ to third
Batting: RHB Dylan Moore 0-0: Called Strike
0-1: Called Strike
0-2: Foul Ball, location: 2F
0-2: Foul Ball, location: 25F
0-2: Reached on error, E3 (Groundball, 34S, EV 81.3 MPH)
Ian Happ scores
Dairon Blanco to second
Batting: RHB Jorge Mateo 0-0: Grounds into double play, 4-6-3 (Groundball, 4, EV 103.1 MPH)
Bottom of the 6th over - 1 run, 2 hits, 1 error, 1 left on base; Pittsburgh 6 - Chicago 4
TOP OF THE 7TH
Pittsburgh Pirates batting - Pitching for Chicago Cubs : RHP Chad Green
Batting: RHB Ryan Kreidler 0-0: Called Strike
0-1: Foul Ball, location: 23FF
0-2: Ball
1-2: Strikes out swinging
Batting: LHB Christian Yelich 0-0: Foul Ball, location: 2F
0-1: Foul Ball, location: 3FF
0-2: Ball
1-2: Foul Ball, location: 7LDF
1-2: Foul Ball, location: 25F
1-2: Strikes out swinging
Batting: LHB Ben Rice 0-0: Called Strike
0-1: Ball
1-1: Foul Ball, location: 2F
1-2: Fly out, F9 (Flyball, 9, EV 78.8 MPH)
Top of the 7th over - 0 runs, 0 hits, 0 errors, 0 left on base; Pittsburgh 6 - Chicago 4
BOTTOM OF THE 7TH
Chicago Cubs batting - Pitching for Pittsburgh Pirates : RHP Codi Heuer
Now at 3B: Ryan Kreidler
Now at SS: Trevor Story
Batting: SHB Victor Caratini 0-0: Called Strike
0-1: Ball
1-1: Ball
2-1: Ball
3-1: Called Strike
3-2: Ground out 6-3 (Groundball, 6, EV 98.8 MPH)
Batting: SHB Wander [UNRATED] Franco 0-0: Fly out, F7 (Flyball, 7S, EV 92.5 MPH)
Pitching: LHP Sammy Long
Batting: LHB Jack Suwinski 0-0: Called Strike
0-1: Ball
1-1: Called Strike
1-2: Ball
2-2: Fly out, F8 (Flyball, 8RXD, EV 111.3 MPH)
Bottom of the 7th over - 0 runs, 0 hits, 0 errors, 0 left on base; Pittsburgh 6 - Chicago 4
TOP OF THE 8TH
Pittsburgh Pirates batting - Pitching for Chicago Cubs : RHP Chad Green
Pitching: RHP Andres Muñoz
Batting: RHB Tyler O'Neill 0-0: Called Strike
0-1: Ball
1-1: Swinging Strike
1-2: Ball
2-2: Strikes out swinging
Batting: SHB Greg Allen 0-0: Called Strike
0-1: Ball
1-1: Swinging Strike
1-2: Ball
2-2: Strikes out swinging
Batting: LHB David Dahl 0-0: Called Strike
0-1: Ball
1-1: Ball
2-1: Called Strike
2-2: Strikes out looking
Top of the 8th over - 0 runs, 0 hits, 0 errors, 0 left on base; Pittsburgh 6 - Chicago 4
BOTTOM OF THE 8TH
Chicago Cubs batting - Pitching for Pittsburgh Pirates : LHP Sammy Long
Batting: RHB Julio Rodriguez 0-0: Ball
1-0: Ball
2-0: Ball
3-0: Base on Balls
Batting: LHB Josh Naylor 0-0: Fly out, F7 (Flyball, 78M, EV 73.8 MPH)
Batting: SHB Ian Happ 0-0: Fly out, F8 (Line Drive, 89M, EV 85.6 MPH)
Batting: RHB Dairon Blanco 0-0: Ball
1-0: Called Strike
1-1: Ball
2-1: Foul Ball, location: 2F
2-2: Ball
3-2: Foul Ball, location: 5F
3-2: SINGLE (Line Drive, 56D, EV 94.4 MPH)
Julio Rodriguez to second
Julio Rodriguez to third
Batting: RHB Dylan Moore 0-0: Swinging Strike
0-1: Ball
1-1: Foul Ball, location: 9LMF
1-2: Foul Ball, location: 7LMF
1-2: Ball
2-2: Strikes out looking
Bottom of the 8th over - 0 runs, 1 hit, 0 errors, 2 left on base; Pittsburgh 6 - Chicago 4
TOP OF THE 9TH
Pittsburgh Pirates batting - Pitching for Chicago Cubs : RHP Andres Muñoz
Batting: RHB J.D. Davis 0-0: Called Strike
0-1: Ball
1-1: Foul Ball, location: 9LSF
1-2: Ball
2-2: Ball
3-2: Strikes out swinging
Batting: LHB Donovan Walton 0-0: Called Strike
0-1: Fly out, F7 (Flyball, 7, EV 82.5 MPH)
Batting: RHB Trevor Story 0-0: Ball
1-0: Called Strike
1-1: Called Strike
1-2: Ball
2-2: Ball
3-2: Strikes out swinging
Top of the 9th over - 0 runs, 0 hits, 0 errors, 0 left on base; Pittsburgh 6 - Chicago 4
BOTTOM OF THE 9TH
Chicago Cubs batting - Pitching for Pittsburgh Pirates : LHP Sammy Long
Pitching: RHP Collin [UNRATED] McHugh
Now at 1B: Jonah Bride
Batting: RHB Jorge Mateo 0-0: Ground out 6-3 (Groundball, 6, EV 94.4 MPH)
Batting: SHB Victor Caratini 0-0: Ball
1-0: Foul Ball, location: 3FF
1-1: SINGLE (Flyball, 34D, EV 93.1 MPH)
Batting: SHB Wander [UNRATED] Franco 0-0: Swinging Strike
0-1: Called Strike
0-2: Ball
1-2: Ball
2-2: Ball
3-2: Foul Ball, location: 3F
3-2: Grounds into double play, 4-6-3 (Groundball, 4, EV 108.1 MPH)
Bottom of the 9th over - 0 runs, 1 hit, 0 errors, 0 left on base; Pittsburgh 6 - Chicago 4
Wednesday, September 4th , 2024 - OOTP Baseball 25.8 Build 87